 Dungeon Crawl Stone Soup version 0.23-a0-49-gd9f7a49 (webtiles) character file.

942 inc the Magician (level 7, -1/46 HPs)
             Began as a Mummy Fire Elementalist on Aug 6, 2018.
             Was an Initiate of Gozag.
             Splashed by a crimson imp's acid (13 damage)
             ... on level 6 of the Dungeon.
             The game lasted 00:11:23 (5431 turns).

inc the Magician (Mummy Fire Elementalist)          Turns: 5431, Time: 00:11:24

Health: -1/46      AC:  9    Str: 11    XL:     7   Next: 88%
Magic:  23/25      EV: 12    Int: 17    God:    Gozag
Gold:   631        SH:  0    Dex: 12    Spells: 7/18 levels left

rFire    x . .     SeeInvis .   r - +2 whip (venom)
rCold    + . .     Gourm    .   (no shield)
rNeg     + + +     Faith    .   a - +0 robe
rPois    ∞         Spirit   .   o - +0 helmet (curse)
rElec    .         Reflect  .   (no cloak)
rCorr    .         Harm     .   d - +2 pair of gloves
MR       .....                  t - +2 pair of boots {Stlth+}
Stlth    ++++......             q - amulet of magic regeneration
HPRegen  0.15/turn              m - ring of stealth
MPRegen  0.44/turn              j - ring of magical power

@: no status effects
A: no food or potions, fire vulnerability, cold resistance 1, negative energy
resistance 3, torment resistance, unbreathing
a: Potion Petition, Call Merchant, Bribe Branch, Renounce Religion


You were on level 6 of the Dungeon.
You worshipped Gozag.
Gozag was pleased with you.
You were not hungry.

You visited 1 branch of the dungeon, and saw 6 of its levels.

You collected 650 gold pieces.
You paid 19 gold pieces to Gozag.

Inventory:

Hand Weapons
 c - a +0 short sword
 r - a +2 whip of venom (weapon)
Armour
 a - a +0 robe (worn)
 d - a +2 pair of gloves (worn)
 o - a cursed +0 helmet (worn)
 t - a +2 pair of boots of stealth (worn)
Jewellery
 i - an uncursed ring of protection from cold
 j - a ring of magical power (right hand)
 m - a ring of stealth (left hand)
 n - an uncursed ring of teleportation
 q - an amulet of magic regeneration (around neck)
 u - an uncursed amulet of magic regeneration
Scrolls
 b - 2 scrolls of teleportation
 e - a scroll of magic mapping
 f - 3 scrolls of remove curse
 g - a scroll of identify
 k - a scroll of immolation
 l - a scroll of fog {unknown}
 p - a scroll of blinking
 s - 2 scrolls of enchant weapon


   Skills:
 - Level 1.5 Dodging
 - Level 1.5 Stealth
 + Level 6.1 Spellcasting
 + Level 5.1 Conjurations
 + Level 4.5 Fire Magic


You had 7 spell levels left.
You knew the following spells:

 Your Spells              Type           Power        Failure   Level  Hunger
a - Flame Tongue          Conj/Fire      ###..        1%          1    N/A
b - Conjure Flame         Conj/Fire      ###.....     5%          3    N/A
c - Sticky Flame          Conj/Fire      ###.....     17%         4    N/A
d - Inner Flame           Hex/Fire       ##......     16%         3    N/A

Your spell library contained the following spells:

 Spells                   Type           Power        Failure   Level  Hunger
 Fireball                 Conj/Fire      ###.......   43%         5    N/A
 Apportation              Tloc           #.....       13%         1    N/A
 Throw Flame              Conj/Fire      ###...       2%          2    N/A
 Summon Small Mammal      Summ           #...         13%         1    N/A
 Animate Skeleton         Necr           N/A          13%         1    N/A
 Confusing Touch          Hex            #.....       13%         1    N/A

Dungeon Overview and Level Annotations

Branches:
Dungeon (6/15)
 Temple: D:4-7

Altars:
Gozag
Qazlal

Shops:
D:5 }


Innate Abilities, Weirdness & Mutations

You do not eat or drink.
Your flesh is vulnerable to fire.
You are immune to poison.
Your flesh is cold resistant. (rC+)
You are immune to negative energy. (rN+++)
You are immune to unholy pain and torment.
You can survive without breathing.


Message History

Press: ? - help, Shift-Dir - straight line, f/p - iguana
Aim: an iguana (heavily wounded)
The flame tongue hits the iguana.
The iguana is severely wounded.
Casting: Flame Tongue (safe; 1% risk of failure)
Confirm with . or Enter, or press ? or * to list all spells.
Aiming: Flame Tongue (safe; 1% risk of failure)
Press: ? - help, Shift-Dir - straight line, f/p - iguana
Aim: an iguana (severely wounded)
The flame tongue hits the iguana.
You kill the iguana!
Casting: Flame Tongue (safe; 1% risk of failure)
Confirm with . or Enter, or press ? or * to list all spells.
You can't see any susceptible monsters within range! (Use Z to cast anyway.)
The crimson imp blinks!
The crimson imp zaps a wand.
The bolt of acid hits you!
* * * LOW HITPOINT WARNING * * *
You are splashed with acid!
The acid burns!
You die...
Your body crumbles into a pile of gold.

>> #.
#.##############
#.#.......#....#
#!#.#####.#.##.#
#.#.....#.#....#
#.#.....#.#<#..#
#.......#.#.#..#
###@###.#.#.#..#
# #.#
.#)#.####.#
#####.####5#
#........#
......$....#
###.######
.####.###### #.#
.. #.# .s. #.#
... #.# .. .[#


You could see a crimson imp.

Vanquished Creatures
  Menkaure (D:4)
  Duvessa (D:4)
  2 centaurs
  Dowan (D:4)
  A water moccasin skeleton (D:4)
  2 crimson imps (D:5)
  A centaur zombie (D:5)
  A centaur skeleton (D:4)
  3 orc wizards (D:4)
  An iguana (D:6)
  2 worker ants
  A hound skeleton (D:2)
  A worker ant zombie (D:5)
  3 adders
  An ooze (D:3)
  An adder skeleton (D:5)
  5 dart slugs
  2 worms (D:2)
  5 leopard geckos
  12 orcs
  7 bats
  3 giant cockroaches
  4 goblins
  4 hobgoblins
  8 jackals (D:3)
  2 quokkas
  A ball python (D:5)
  A frilled lizard (D:2)
  3 kobolds
  A quokka zombie (D:5)
  6 rats
87 creatures vanquished.

Notes
Turn   | Place    | Note
-------+----------+-------------------------------------------
     0 | D:1      | inc the Mummy Fire Elementalist began the quest for the Orb.
     0 | D:1      | Reached XP level 1. HP: 13/13 MP: 4/4
    17 | D:1      | Reached skill level 1 in Conjurations
   236 | D:1      | Reached XP level 2. HP: 19/19 MP: 0/5
  1090 | D:2      | Reached XP level 3. HP: 17/24 MP: 0/7
  1370 | D:2      | Found a stormy altar of Qazlal.
  1822 | D:2      | Found an opulent altar of Gozag.
  1831 | D:2      | Became a worshipper of Gozag Ym Sagoz the Greedy
  1900 | D:2      | Reached XP level 4. HP: 30/30 MP: 8/8
  2161 | D:3      | Learned a level 3 spell: Conjure Flame
  2166 | D:3      | Learned a level 4 spell: Sticky Flame
  2468 | D:3      | Found a faded altar of an unknown god.
  2733 | D:4      | Reached skill level 3 in Spellcasting
  2733 | D:4      | Reached XP level 5. HP: 18/35 MP: 8/10
  2908 | D:4      | Noticed Duvessa
  2909 | D:4      | Noticed Dowan
  3257 | D:4      | Noticed Menkaure
  3267 | D:4      | Killed Menkaure
  3267 | D:4      | Reached skill level 4 in Spellcasting
  3267 | D:4      | Reached XP level 6. HP: 21/41 MP: 8/12
  4071 | D:4      | Learned a level 3 spell: Inner Flame
  4115 | D:4      | Killed Duvessa
  4115 | D:4      | Reached skill level 5 in Spellcasting
  4115 | D:4      | Reached XP level 7. HP: 44/46 MP: 6/14
  4131 | D:5      | Entered Level 5 of the Dungeon
  4223 | D:4      | Killed Dowan
  5138 | D:5      | Found Jeor's Gadget Boutique.
  5298 | D:5      | Reached skill level 5 in Conjurations
  5388 | D:6      | Reached skill level 6 in Spellcasting
  5431 | D:6      | Splashed by a crimson imp's acid

Vault maps used:
D:1:      matt_arrival_spirals
D:2:      lemuel_coloured_pillars_altar, first_ration, grunt_qazlal_clouds
D:3:      chequers_ecumenical_altar_twisty
D:4:      uniq_menkaure, uniq_duvessa
D:5:      serial_shops, kennysheep_mini
D:6:      nicolae_overflow_hidden_temple, chei_slow_surprise, uniq_blork_the_orc

Skill      XL: |  1  2  3  4  5  6  7 |
---------------+----------------------+-----
Conjurations   | 1 2 3 4 5 |  5.1
Spellcasting   | 3 4 5 6 |  6.1
Fire Magic     | 3 4 |  4.5
Dodging        | |  1.5
Stealth        | |  1.5

Action                   |  1- 3 |  4- 6 |  7- 9 || total
-------------------------+-------+-------+-------++-------
Melee: Short sword       |     5 |    28 |       ||    33
       Whip              |       |       |    24 ||    24
 Cast: Flame Tongue      |    57 |   107 |    55 ||   219
       Conjure Flame     |       |     4 |     1 ||     5
       Sticky Flame      |       |     2 |     5 ||     7
  Use: Scroll            |       |     6 |     5 ||    11
Armor: Robe              |    10 |    18 |    15 ||    43
Dodge: Dodged            |    16 |    55 |    39 ||   110

Table legend:
 A = Spawn XP
 B = Non-spawn XP
 C = Spawn XP percentage of total XP
 D = Spawn monster count
 E = Non-spawn monster count
 F = Spawn count percentage of total count
 G = Total turns spent on level
                    A         B        C        D         E        F      G
               +---------+---------+-------+---------+---------+-------+---------
         Total |       0 |    1346 |   0.0 |       0 |      87 |   0.0 |  5431
               +---------+---------+-------+---------+---------+-------+---------
           D:1 |       0 |      22 |   0.0 |       0 |      11 |   0.0 |  1196
           D:2 |       0 |      78 |   0.0 |       0 |      17 |   0.0 |   752
           D:3 |       0 |      46 |   0.0 |       0 |      21 |   0.0 |  1090
           D:4 |       0 |     726 |   0.0 |       0 |      24 |   0.0 |  1452
           D:5 |       0 |     320 |   0.0 |       0 |      12 |   0.0 |   882
           D:6 |       0 |     154 |   0.0 |       0 |       2 |   0.0 |    59
               +---------+---------+-------+---------+---------+-------+---------
